[Event "Team 45 45 League T24"]
[Site "Free Internet Chess Server"]
[Date "PDT.10.0"]
[Round "5"]
[White "threeNT"]
[Black "zcomcon"]
[Result "0-1"]
[WhiteElo "1622"]
[BlackElo "1694"]
[TimeControl "2700+45"]

1. e4 e5 2. Nf3 Nc6 3. Bb5 a6 4. Ba4 Nf6 5. O-O Be7 6. Re1 b5 7. Bb3 O-O 8. c3 d6 9. h3 Bb7 10. d4 Re8 11. Nbd2 h6 12. a4 Bf8 13. Bc2 Qd7 14. b3 Qc8 15. d5 Ne7 16. Nf1 Ng6 17. Bd3 c6 18. Ne3 Nf4 19. axb5 Nxd3 20. Qxd3 axb5 21. Ba3 cxd5 22. Nxd5 Bxd5 23. exd5 e4 24. Qxb5 exf3 25. g4 Rxe1+ 26. Rxe1 Rxa3 27. c4 Ra2 28. b4 Re2 29. Rc1 Qe8 30. Kf1 Qe5 31. Kg1 Re1+   {White resigns} 0-1

[Event "Team 45 45 League T24"]
[Site "Free Internet Chess Server"]
[Date "PDT.10.0"]
[Round "5"]
[White "DesparateDan"]
[Black "FusterCluck"]
[Result "1-0"]
[WhiteElo "1680"]
[BlackElo "1623"]
[TimeControl "2700+45"]

1. e4 c6 2. d4 d5 3. exd5 cxd5 4. c4 Be6 5. Nc3 g6 6. Nf3 Bg7 7. Qa4+ Bd7 8. Qb3 Bc6 9. cxd5 Bd7 10. Qxb7 Bg4 11. Qxa8 Bxf3 12. Bb5+ Kf8 13. gxf3 Bxd4 14. Be3 Bxc3+ 15. bxc3 Nf6 16. O-O-O Kg7 17. Bd4 Qa5 18. Qxa7 Qxb5 19. Bxf6+ exf6 20. Rhe1 Qc4 21. Qa5 Rc8 22. Re4 Qxc3+ 23. Qxc3 Rxc3+ 24. Kb2 Rxf3 25. Re2 Nd7 26. d6 Rf5 27. Red2 Rb5+ 28. Ka1 f5 29. Rb1 Rxb1+ 30. Kxb1 Kf6 31. Kb2 Ke6 32. Kb3 Nc5+ 33. Kc4 Nd7   {Black resigns} 1-0

[Event "Team 45 45 League T24"]
[Site "Free Internet Chess Server"]
[Date "2004.10.11"]
[Round "5"]
[White "xplan"]
[Black "grabapawn"]
[Result "0-1"]
[WhiteElo "1534"]
[BlackElo "1514"]
[TimeControl "2700+45"]

1. e4 e5 2. Nf3 Nc6 3. Nc3 Bc5 4. Nxe5 Nxe5 5. d4 Bb6 6. dxe5 d6 7. exd6 cxd6 8. Bc4 Nf6 9. O-O Ng4 10. Qd5 Be6 11. Bb5+ Kf8 12. Qxb7 Rc8 13. Bf4 h5 14. Rad1 Bc7 15. Qa6 Bb6 16. Bxd6+ Kg8 17. Bc5 Qh4 18. h3 Rxc5 19. Na4 Rxc2 20. Kh1 Nxf2+ 21. Rxf2 Rxf2 22. Nxb6 axb6 23. e5 Bxh3 24. Qa8+ Kh7 25. Bd3+ Bf5+ 26. Kg1 Rf4 27. Bxf5+ Rxf5 28. Qd5 Qf2+ 29. Kh2 h4 30. Qd3 Qf4+ 31. Kg1 Kg6 32. Qd6+ f6 33. Qxb6 h3 34. e6 h2+ 35. Kh1 Qf1+ 36. Qg1 hxg1=Q#   {White checkmated} 0-1

[Event "Team 45 45 League T24"]
[Site "Free Internet Chess Server"]
[Date "PDT.10.0"]
[Round "5"]
[White "RussoTuristo"]
[Black "MStav"]
[Result "1-0"]
[WhiteElo "1805"]
[BlackElo "1685"]
[TimeControl "2700+45"]

1. e4 d6 2. Nf3 Nf6 3. Nc3 e5 4. d4 Nbd7 5. Bc4 Be7 6. O-O O-O 7. Be3 c6 8. h3 Re8 9. a3 Nf8 10. dxe5 dxe5 11. Nxe5 Bd6 12. Nxf7   {Black resigns} 1-0

[Event "Team 45 45 League T24"]
[Site "Free Internet Chess Server"]
[Date "2004.10.10"]
[Round "5"]
[White "BIRDSMAN"]
[Black "JoeytheBudgie"]
[Result "1-0"]
[WhiteElo "1634"]
[BlackElo "1737"]
[TimeControl "2700+45"]

1. e4 e6 2. d4 d5 3. Nc3 Bb4 4. exd5 Bxc3+ 5. bxc3 exd5 6. Bd3 Nf6 7. Ne2 O-O 8. O-O b6 9. Ng3 Be6 10. Bg5 Nbd7 11. Nh5 h6 12. Bh4 g5 13. Bg3 Bg4 14. Nxf6+ Nxf6 15. Qd2 Qd7 16. f4 Nh7 17. Bxh7+ Kxh7 18. fxg5 hxg5 19. Qxg5 Rg8 20. Qh4+ Kg7 21. Be5+ Kf8 22. Rae1 Be6 23. Qh6+ Ke8 24. Qh7 f5 25. Qh5+ Kd8 26. Bf6+ Kc8 27. h3 Kb7 28. Be5 Rae8 29. Kh1 Re7 30. Qe2 Rh7 31. Bf4 Rg6 32. a4 Qxa4 33. Ra1 Qc4 34. Qd2 a5 35. Qd3 Qxd3 36. cxd3 Rhg7 37. Be5 Rh7 38. Rfb1 Kc6 39. Rb2 Rgh6 40. Bf4 Rh4 41. Bg3 Rg4 42. Be5 f4 43. Rf2 Rg3 44. Bxf4 Rxd3 45. Ra3 Kb5 46. Rb2+ Kc4 47. Rc2 Bf5 48. Rc1 Be4 49. Kh2 Rf7 50. g3 c6 51. h4 Rf3 52. Kh3 Bf5+ 53. Kg2 Be4 54. Kg1 Bf5 55. Kg2 Be4 56. Kg1 Bf5 57. h5 Bg4 58. h6 Re7 59. Be5 Rh7 60. Bg7 Rxg3+ 61. Kf2 Rf3+ 62. Kg2 Re3 63. Kf1 Bf5 64. Kf2 Rd3 65. Ke1 Be4 66. Ke2 Rf3 67. Kd2 Rf2+ 68. Ke1 Rf3 69. Ke2 Rh3 70. Ra4+ Kb3 71. Raa1 a4 72. Kd2 b5 73. Kd1 a3 74. Kd2 a2 75. Rf1 Bb1 76. Rfxb1+ axb1=Q 77. Rxb1+ Kc4 78. Rb4#   {Black checkmated} 1-0

[Event "Team 45 45 League T24"]
[Site "Free Internet Chess Server"]
[Date "2004.10.10"]
[Round "5"]
[White "cmate"]
[Black "MattBinMi"]
[Result "0-1"]
[WhiteElo "1511"]
[BlackElo "1583"]
[TimeControl "2700+45"]

1. e4 d5 2. exd5 Nf6 3. Bb5+ c6 4. dxc6 bxc6 5. Bc4 e6 6. Nf3 Nbd7 7. Kf1 Nb6 8. Bb3 Bc5 9. c3 a5 10. d4 Be7 11. Ne5 Ba6+ 12. c4 a4 13. Nd2 axb3 14. Qxb3 Qxd4 15. Nxc6 Bxc4+ 16. Nxc4 Qxc4+ 17. Qxc4 Nxc4 18. Nxe7 Kxe7 19. Bg5 h6 20. Bxf6+ Kxf6 21. b3 Ne5 22. a4 Rhb8 23. Ke2 Rb4 24. Rhd1 Rxb3 25. a5 Rb2+ 26. Kf1 Ng4 27. Rd6 Nxf2 28. h3 Ne4 29. Rc6 Rb5 30. a6 Ra7 31. Rac1 Ra5 32. R1c4 Nd2+   {White resigns} 0-1

[Event "Team 45 45 League T24"]
[Site "Free Internet Chess Server"]
[Date "2004.10.10"]
[Round "5"]
[White "Vinoblanca"]
[Black "gflan"]
[Result "1/2-1/2"]
[WhiteElo "1542"]
[BlackElo "1581"]
[TimeControl "2700+45"]

1. d4 c6 2. c4 d5 3. Nc3 Nf6 4. Nf3 e6 5. Bg5 Be7 6. e3 O-O 7. Bd3 Nbd7 8. cxd5 exd5 9. O-O h6 10. Bh4 Re8 11. Bc2 b6 12. Qd3 a5 13. Ne5 Ba6 14. Qf5 Bxf1 15. Nxd7 Qxd7 16. Bxf6 Qxf5 17. Bxf5 Bxf6 18. Kxf1 Ra7 19. Na4 c5 20. Nxb6 cxd4 21. Nxd5 Be5 22. e4 d3 23. Rb1 a4 24. f4 Bd4 25. e5 Rd8 26. Nb4 d2 27. Nc6 Raa8 28. Nxd8 Rxd8 29. Ke2 Bxb2 30. Bc2 a3 31. Bd3 Bc1 32. Rb6 Kf8 33. Rd6 Ke7 34. Rxd8 Kxd8 35. g3 Ke7 36. Bc4 g6 37. Bb3 h5 38. Kd3 Kd7 39. Ke4 Kc6 40. Kf3 Kc5 41. Ke2 Kd4 42. Bxf7 g5 43. e6 gxf4 44. Bxh5 fxg3 45. hxg3 d1=Q+ 46. Kxd1 Bg5 47. Kc2 Ke5 48. Bg4 Ke4 49. Kb3 Be7 50. Kc4 Ke5 51. Kd3 Kf6 52. Ke4 Kg5 53. Bf5 Kh6 54. g4 Kg5 55. Kd5 Kf6 56. Kc6 Kg7 57. Kd7 Kf8 58. Kc6 Kg7 59. Kd5 Kf6 60. Ke4 Kg5 61. Kf3 Kh6 62. Kf4 Bg5+ 63. Ke5 Be7 64. Be4 Kg5 65. Bf3 Kg6 66. Be2 Kg5 67. Kd5 Kf6 68. Bd3 Kg7 69. Kc6 Kf8 70. Kd7 Bg5 71. Be4 Be7 72. Bg6 Bg5 73. Bf5   {Game drawn by mutual agreement} 1/2-1/2

[Event "Team 45 45 League T24"]
[Site "Free Internet Chess Server"]
[Date "2004.10.12"]
[Round "5"]
[White "TGV"]
[Black "adingod"]
[Result "0-1"]
[WhiteElo "1793"]
[BlackElo "2093"]
[TimeControl "2700+45"]

1. d4 Nf6 2. c4 g6 3. Nc3 d5 4. cxd5 Nxd5 5. e4 Nxc3 6. bxc3 Bg7 7. Nf3 O-O 8. Be2 c5 9. O-O Qa5 10. Qc2 Nc6 11. Be3 cxd4 12. cxd4 Bg4 13. e5 Be6 14. Bc4 Bd5 15. Nd2 Rfd8 16. Rab1 Bxc4 17. Nxc4 Qa6 18. Rfd1 Rac8 19. Qb3 Nxd4 20. Rxd4 Rxd4 21. Bxd4 Qxc4 22. Be3 b6 23. Qa3 Rc7 24. Rc1 Qe2 25. g3 Rxc1+ 26. Qxc1 Bxe5 27. Bh6 Qg4 28. Qc6 Qd1+ 29. Kg2 Qd8 30. Qb7 Qc7 31. Qa8+ Qb8 32. Qc6 Bg7 33. Bg5 f6 34. Qe6+ Kf8 35. Bf4 Qb7+ 36. Kg1 g5 37. Be3 b5 38. Qf5 h6 39. Qe6 a5 40. Bb6 a4 41. Bc5 b4 42. Qc4 b3 43. axb3 axb3 44. Qc1 f5 45. Qb1 Qd5 46. Ba3 Qb5 47. Qd1 Bf6 48. Qh5 Kg7 49. h4 b2 50. Bxb2 Qxb2   {White resigns} 0-1

[Event "Team 45 45 League T24"]
[Site "Free Internet Chess Server"]
[Date "2004.10.11"]
[Round "5"]
[White "Pawns"]
[Black "Pieris"]
[Result "1-0"]
[WhiteElo "1711"]
[BlackElo "1701"]
[TimeControl "2700+45"]

1. e4 e5 2. Nf3 Nf6 3. Nxe5 d6 4. Nf3 Nxe4 5. Qe2 Qe7 6. d3 Nf6 7. Bg5 Qxe2+ 8. Bxe2 Be7 9. Nc3 c6 10. O-O-O O-O 11. Rhe1 Be6 12. Nd4 Re8 13. Bf3 Bd7 14. h3 h6 15. Bh4 Na6 16. Re2 Nd5 17. Bxe7 Nxe7 18. Rde1 Kf8 19. Ne4 Nc8 20. Bg4 Bxg4 21. hxg4 d5 22. Ng3 Rxe2 23. Rxe2 Ne7 24. Ngf5 Nxf5 25. Nxf5 Nc5 26. d4 Ne6 27. c3 Re8 28. g3 b6 29. Kd2 Nc7 30. Nd6 Rxe2+ 31. Kxe2 b5 32. Nc8 Ke8 33. Nxa7 Kd7 34. b3 Ne6 35. Kd3 Kc7 36. c4 bxc4+ 37. bxc4 dxc4+ 38. Kxc4 Kb7 39. Nxc6 Ng5 40. Ne5 f6 41. Nd3 Kc6 42. d5+ Kd6 43. a4 Nf7 44. f4 Kc7 45. Nc5 Nd6+ 46. Kd4 g6 47. Ne4 Nxe4 48. Kxe4 Kb6 49. f5 g5 50. Kd4 Kc7 51. Kc5   {Black resigns} 1-0

[Event "Team 45 45 League T24"]
[Site "Free Internet Chess Server"]
[Date "PDT.10.0"]
[Round "5"]
[White "Galleta"]
[Black "Gazzer"]
[Result "1/2-1/2"]
[WhiteElo "1720"]
[BlackElo "1650"]
[TimeControl "2700+45"]

1. b3 d5 2. e3 c6 3. Bb2 Bf5 4. Nf3 Nd7 5. c4 e6 6. d4 Bb4+ 7. Bc3 Bxc3+ 8. Nxc3 Qa5 9. Qd2 Ngf6 10. Bd3 Bxd3 11. Qxd3 O-O 12. O-O h6 13. Rfb1 Qc7 14. a4 a6 15. b4 Rfe8 16. b5 dxc4 17. Qxc4 axb5 18. axb5 Nb6 19. Qb4 Nfd5 20. Qc5 Nxc3 21. Qxc3 Nd5 22. Qc5 Rec8 23. Rxa8 Rxa8 24. bxc6 bxc6 25. Ne5 Ne7 26. g4 Rd8 27. Ra1 Rb8 28. Ra7 Rb7 29. Ra8+ Nc8 30. Qxc6 Qxc6 31. Nxc6 Rc7 32. Ne7+ Rxe7 33. Rxc8+ Kh7 34. h4 Kg6 35. Kg2 h5 36. Rc5 hxg4 37. Rg5+ Kh6 38. Rxg4 Rc7 39. Rg3 Rb7 40. Kf3 Rb5 41. Kg4 f6 42. Rf3 Rd5 43. Kf4 Kh5 44. Rh3 e5+ 45. Ke4 Ra5 46. d5 Kg6 47. Rg3+ Kf7 48. Kd3 Rxd5+ 49. Ke4 Rb5 50. h5 Rb4+ 51. Kf5 Rb2 52. Rf3 Rb1 53. Rh3 Rf1 54. f3 Rg1 55. h6 gxh6 56. Rxh6 Rg5+ 57. Ke4 Ke6 58. f4 exf4   {Game drawn by mutual agreement} 1/2-1/2

[Event "Team 45 45 League T24"]
[Site "Free Internet Chess Server"]
[Date "PDT.10.0"]
[Round "5"]
[White "KlassAct"]
[Black "Nervy"]
[Result "0-1"]
[WhiteElo "1412"]
[BlackElo "1623"]
[TimeControl "2700+45"]

1. e4 e6 2. Nf3 d5 3. exd5 exd5 4. d4 Be7 5. Nc3 Be6 6. Be2 Nf6 7. O-O Nbd7 8. Re1 O-O 9. Bf4 c6 10. Bd3 Re8 11. Qd2 Bg4 12. Ne5 Nxe5 13. Bxe5 Bd6 14. Qf4 Bb8 15. Bxf6 Bxf4 16. Bxd8 Raxd8 17. h3 Bh5 18. g4 Bg6 19. Bxg6 hxg6 20. Rad1 Rxe1+ 21. Rxe1 Kf8 22. Re2 Re8 23. Kf1 Re7 24. b3 a6 25. f3 Be3 26. Nd1 Bxd4 27. Rxe7 Kxe7 28. Ke2 b5 29. Nf2 c5 30. Nd3 b4 31. Nf4 Kd6 32. Kd3 Bf6 33. Ne2 Bh4 34. Ke3 Ke5 35. f4+ Kd6 36. g5 f6 37. gxf6 gxf6 38. Kf3 Be1 39. Ng3 f5 40. Ne2 Bd2 41. Kf2 Ke6 42. Kf3 d4 43. Ng3 Kf6 44. Nf1 Bc1 45. Ng3 Ke6 46. Ne2 Be3 47. Ng3 Kd5 48. Nf1 Bc1 49. Ng3 a5 50. Ne2 Bd2 51. Kg3 Ke4 52. Kh4   {White resigns} 0-1

[Event "Team 45 45 League T24"]
[Site "Free Internet Chess Server"]
[Date "2004.10.11"]
[Round "5"]
[White "sacKING"]
[Black "Huevon"]
[Result "1-0"]
[WhiteElo "1776"]
[BlackElo "1919"]
[TimeControl "2700+45"]

1. c4 e6 2. g3 f5 3. Bg2 Nf6 4. Nc3 Bb4 5. Nh3 O-O 6. O-O c6 7. d4 d5 8. f3 b6 9. Qb3 Bxc3 10. Qxc3 Bb7 11. Bg5 Nbd7 12. e4 fxe4 13. fxe4 dxe4 14. Nf4 Qe8 15. Bh3 Rc8 16. Nxe6 Rf7 17. Qa3 a5 18. Rad1 h6 19. Bf4 Re7 20. Qd6 Kf7 21. d5 cxd5 22. cxd5 Rc2 23. Be3 Qb8 24. Qxb8 Nxb8 25. Nd8+ Ke8 26. Bxb6 Nxd5 27. Nxb7 Rxb7 28. Rxd5 Rxb6 29. Re5+ Kd8 30. Rf8+ Kc7 31. Rc8+ Kd6 32. Re6+ Kd5 33. Rxb6 Nc6 34. Bd7 Rc1+ 35. Kg2 Rc2+ 36. Kh3 e3 37. Bxc6+ Kd4   {Black resigns} 1-0

[Event "Team 45 45 League T24"]
[Site "Free Internet Chess Server"]
[Date "2004.10.10"]
[Round "5"]
[White "Lofoten"]
[Black "sidiAhmed"]
[Result "1-0"]
[WhiteElo "1747"]
[BlackElo "1593"]
[TimeControl "2700+45"]

1. e4 c5 2. Nf3 d6 3. d4 cxd4 4. Nxd4 Nf6 5. Nc3 a6 6. Be3 e5 7. Nb3 Be7 8. f3 Be6 9. Qd2 Qc7 10. O-O-O O-O 11. Kb1 Rd8 12. Nd5 Bxd5 13. exd5 Rc8 14. g4 h6 15. h4 a5 16. g5 hxg5 17. hxg5 Nxd5 18. Qxd5 Qxc2+ 19. Ka1 a4 20. g6 Qxg6 21. Bd3 Qe6 22. Bh7+ Kf8 23. Bf5   {Black resigns} 1-0

[Event "Team 45 45 League T24"]
[Site "Free Internet Chess Server"]
[Date "2004.10.11"]
[Round "5"]
[White "JoeytheBudgie"]
[Black "sostoned"]
[Result "1-0"]
[WhiteElo "1697"]
[BlackElo "1682"]
[TimeControl "2700+45"]

1. Nf3 c6 2. c4 Nf6 3. d4 d5 4. Nc3 Bg4 5. Ne5 Nbd7 6. Nxg4 Nxg4 7. e4 Nh6 8. Bf4 e6 9. cxd5 exd5 10. Bd3 Qf6 11. Qd2 Qxd4 12. exd5 cxd5 13. O-O Be7 14. Rfe1 Qc5 15. Rac1 Qa5 16. b4 Qxb4 17. Nxd5 Qxd2 18. Rxe7+ Kd8 19. Bxd2 Nb6 20. Ba5 Ng8 21. Rxf7 Ke8 22. Nxb6 axb6 23. Rxb7 bxa5 24. Rcc7 Rd8 25. Bb5+ Rd7 26. Rxd7 Nf6 27. Rb8#   {Black checkmated} 1-0

[Event "Team 45 45 League T24"]
[Site "Free Internet Chess Server"]
[Date "2004.10.10"]
[Round "5"]
[White "Tokyo"]
[Black "sonareclipse"]
[Result "1/2-1/2"]
[WhiteElo "2192"]
[BlackElo "1978"]
[TimeControl "2700+45"]

1. c4 e6 2. d4 Nf6 3. Bf4 d5 4. Nc3 c6 5. e3 Be7 6. Nf3 Nh5 7. Bg3 Nd7 8. Rc1 O-O 9. Bd3 g6 10. O-O f5 11. a3 Qe8 12. b4 g5 13. Be5 g4 14. Nd2 Nhf6 15. cxd5 Nxe5 16. dxe5 Nxd5 17. e4 Nf4 18. Bc4 Kh8 19. exf5 exf5 20. Qc2 Qh5 21. Rce1 Be6 22. Ne2 Bg5 23. Bxe6 Nxe6 24. f4 gxf3 25. Rxf3 Rad8 26. Nc4 Qh4 27. Ref1 Rd4 28. Ne3 Bxe3+ 29. Rxe3 Rg4 30. Rg3 f4 31. Rxg4 Qxg4 32. Qe4 Ng5 33. Qd3 f3 34. Ng3 Qf4 35. gxf3 Qxe5 36. Kg2 Ne6 37. Ne2 Re8 38. f4 Qxe2+ 39. Qxe2 Nxf4+ 40. Rxf4 Rxe2+ 41. Kg1 Kg7 42. a4 Rd2 43. a5 Rb2 44. Rd4 Kg6 45. Rc4 Kf5 46. a6 bxa6 47. Rxc6 Rxb4 48. Rxa6 Rb7 49. Ra4 Ke5 50. Kf2 Kd5 51. Ke3 Kc5 52. Kd3 Kb5 53. Rh4 a5 54. Kc3 a4 55. Rh5+ Ka6 56. Rh6+ Kb5 57. Rh5+ Kc6 58. Ra5 Rb3+ 59. Kc4 Rh3 60. Rxa4 Rh4+ 61. Kb3 Rxa4 62. Kxa4 Kc5 63. Kb3 Kd4 64. Kc2 Ke3 65. Kd1 Kf2 66. h4 h5 67. Kd2 Kf3 68. Ke1   {Game drawn by mutual agreement} 1/2-1/2

[Event "FICS unrated standard game"]
[Site "FICS, Fremont, California USA"]
[Date "2004.10.10"]
[Time "05:00:38"]
[Round "-"]
[White "reasoanblep"]
[Black "Baggins"]
[WhiteElo "2038"]
[BlackElo "2087"]
[TimeControl "2700+45"]
[Mode "ICS"]
[Result "0-1"]

1. e4 c5 2. Nf3 d6 3. d4 cxd4 4. Nxd4 Nf6 5. Nc3 a6 6. Be3 e6 7. g4 h6 8. f4
b5 9. Bg2 Bb7 10. g5 hxg5 11. fxg5 b4 12. Na4 Bxe4 13. gxf6 Bxg2 14. Rg1
Rxh2 15. Rxg2 Rh1+ 16. Rg1 Rxg1+ 17. Bxg1 Qxf6 18. Qg4 Qe5+ 19. Kd2 Be7
20. Be3 Bf6 21. Re1 Nd7 22. Kc1 Rc8 23. Nxe6 Qxe6 24. Qxb4 Ne5 25. Kb1 Qc4
26. Qxc4 Nxc4 27. Bg5+ Be5 28. c3 f6 29. Bc1 Kf7 30. b3 Rb8 31. Kc2 Nb6
32. Nb2 Rh8 33. Nd3 Rh2+ 34. Bd2 Nd5 35. Re4 Bxc3
{White resigns} 0-1

[Event "Team 45 45 League T24"]
[Site "Free Internet Chess Server"]
[Date "2004.10.10"]
[Round "5"]
[White "MarkovUC"]
[Black "maeck"]
[Result "1/2-1/2"]
[WhiteElo "1805"]
[BlackElo "1908"]
[TimeControl "2700+45"]

1. c4 Nf6 2. Nc3 d5 3. cxd5 Nxd5 4. e4 Nxc3 5. bxc3 g6 6. d4 Bg7 7. Ne2 c5 8. g3 Bg4 9. h3 Bf3 10. Rg1 Bxe4 11. Be3 O-O 12. Qd2 Nc6 13. Bg2 Bxg2 14. Rxg2 Qa5 15. Kf1 Rfd8 16. Rd1 Ne5 17. Qc2 cxd4 18. Nxd4 Rac8 19. Nb3 Rxd1+ 20. Qxd1 Qxc3 21. Bxa7 Qd3+ 22. Qxd3 Nxd3 23. f4 Ra8 24. Bd4 Bxd4 25. Nxd4 Ra4 26. Nb5 Rb4 27. Rd2 Rb1+ 28. Kg2 Nxf4+ 29. gxf4 Rxb5 30. h4 h5 31. Kf3 e6 32. Ke4 Kg7 33. Kf3 Kf6 34. Rg2 Ke7 35. Rd2 Rd5 36. Rb2 b5 37. Ke3 Kd6 38. Rc2 Rc5 39. Rd2+ Kc7 40. Ke4 f6 41. Kf3 Rc3+ 42. Kg2 e5 43. fxe5 fxe5 44. Rd5 Rc2+ 45. Kg3 Rxa2 46. Rxb5 Ra3+ 47. Kg2 e4 48. Rg5 Ra2+ 49. Kf1 Rh2 50. Rxg6 Rxh4 51. Ke2 Kd7 52. Ke3 Ke7 53. Ra6 Kf7 54. Rd6 Rg4 55. Rd4 Kf6 56. Rxe4 Rg8 57. Kf2 Kf5 58. Re7 h4 59. Rh7 Rg4 60. Rh8   {Game drawn by mutual agreement} 1/2-1/2

[Event "Team 45 45 League T24"]
[Site "Free Internet Chess Server"]
[Date "2004.10.11"]
[Round "5"]
[White "scandium"]
[Black "Taadow"]
[Result "1/2-1/2"]
[WhiteElo "1749"]
[BlackElo "1714"]
[TimeControl "2700+45"]

1. f4 b6 2. Nf3 Bb7 3. e3 c5 4. b3 Nc6 5. Bb2 d6 6. Bd3 e6 7. O-O Nf6 8. a3 Be7 9. Qe1 Qd7 10. Ng5 h6 11. Qh4 O-O-O 12. Nxf7 g5 13. fxg5 hxg5 14. Qe1 Rhf8 15. Nxd8 Nxd8 16. Qe2 Nc6 17. Ba6 e5 18. Bxb7+ Kxb7 19. Nc3 Rh8 20. Qf3 Bd8 21. Qf5 Qg7 22. Nb5 Qe7 23. d4 cxd4 24. exd4 exd4 25. Nxd4 Qe3+ 26. Qf2 Qe5 27. g3 Ng4 28. Qf3 Nxh2 29. Qxc6+ Kb8 30. Rae1 Qxg3+ 31. Qg2 Nxf1 32. Qxg3 Nxg3 33. Nc6+ Kb7 34. Bxh8 Kxc6 35. Kg2 Nh5 36. Bb2 a5 37. Kf3 Nf4 38. Bc1 Ng6 39. Bb2 b5 40. Kg4 Nh4 41. Re2 Ng6 42. Bc1 Ne5+ 43. Kf5 Nf3 44. Bb2 Kc5 45. Re8 Bb6 46. Kg4 Nd4 47. Rc8+ Kd5 48. c4+ bxc4 49. bxc4+ Ke4 50. Bxd4 Kxd4 51. a4 Bc5 52. Re8 Kxc4 53. Kxg5 d5 54. Kf4 Kb4 55. Ke5 Kxa4 56. Kxd5 Bb4 57. Re3 Kb5 58. Re8 Ka4 59. Kc4 Ka3 60. Rb8 Kb2   {Game drawn by mutual agreement} 1/2-1/2

[Event "Team 45 45 League T24"]
[Site "Free Internet Chess Server"]
[Date "2004.10.10"]
[Round "5"]
[White "plume"]
[Black "inkaotibus"]
[Result "0-1"]
[WhiteElo "2149"]
[BlackElo "2147"]
[TimeControl "2700+45"]

1. Nf3 Nf6 2. c4 c6 3. g3 d5 4. Bg2 Bg4 5. cxd5 cxd5 6. Ne5 Bf5 7. Nc3 e6 8. g4 Bg6 9. h4 Bd6 10. Qa4+ Kf8 11. d4 h5 12. Nxg6+ fxg6 13. g5 Ng4 14. e4 dxe4 15. Bxe4 Nc6 16. Bd2 Qb6 17. O-O-O Nxd4 18. Be3 Nxe3 19. fxe3 Nf5 20. Qd7 Be5 21. Rhf1 Bxc3 22. bxc3 Qxe3+ 23. Kb2 Qxe4 24. Rfe1 Ne3 25. Qd3 Nxd1+ 26. Qxd1 Qxh4 27. Rxe6 Qxg5 28. Qd7 Kg8 29. Re7 Qf6 30. Qxb7 Kh7 31. Ka3 Rhb8 32. Qc7 Qa6+ 33. Qa5 Qxa5#   {White checkmated} 0-1

[Event "Team 45 45 League T24"]
[Site "Free Internet Chess Server"]
[Date "2004.10.11"]
[Round "5"]
[White "Clodagh"]
[Black "JDFitzpat"]
[Result "1-0"]
[WhiteElo "1863"]
[BlackElo "1936"]
[TimeControl "2700+45"]

1. e4 Nf6 2. Nc3 d5 3. e5 Ne4 4. Nce2 d4 5. c3 dxc3 6. bxc3 Nc6 7. d4 Nxe5 8. f3 Nxc3 9. Nxc3 Ng6 10. Bd3 c6 11. Nge2 e6 12. O-O Bd6 13. Re1 Qh4 14. g3 Qh5 15. Ne4 Bc7 16. Ba3 Qxf3 17. Rf1 Qe3+ 18. Rf2 Qh6 19. Nd6+ Bxd6 20. Bxd6 Qe3 21. Kg2 f5 22. Bf4 Nxf4+ 23. gxf4 g5 24. Rf3 Qxf3+ 25. Kxf3 g4+ 26. Kg2 h5 27. Qb3 h4 28. Qa3 h3+ 29. Kg3 b5 30. Qd6 Bd7 31. d5 cxd5 32. Bxb5 Bxb5 33. Qxe6+ Kf8 34. Qf6+ Kg8 35. Qg6+ Kf8 36. Qxf5+ Ke7 37. Nd4 Bd7 38. Re1+ Kd8 39. Ne6+ Bxe6 40. Rxe6 Kc7 41. Qe5+ Kd7 42. Qxd5+ Kc7 43. Rc6+ Kb8 44. Qb5#   {Black checkmated} 1-0

[Event "FICS rated standard game"]
[Site "FICS, Fremont, California USA"]
[Date "2004.10.07"]
[Time "12:01:33"]
[Round "-"]
[White "Relu"]
[Black "fismoluni"]
[WhiteElo "1873"]
[BlackElo "1604"]
[TimeControl "2700+5"]
[Mode "ICS"]
[Result "0-1"]

1. d4 Nf6 2. c4 e6 3. Nf3 d5 4. Nc3 c6 5. Bg5 h6 6. Bh4 dxc4 7. e4 g5 8. Bg3
b5 9. Be2 Bb7 10. h4 g4 11. Ne5 h5 12. O-O Nbd7 13. f3 Nxe5 14. Bxe5 Rg8
15. g3 gxf3 16. Bxf3 Ng4 17. Bxg4 Rxg4 18. Qf3 Qd7 19. Rf2 O-O-O 20. Qxf7
Qxf7 21. Rxf7 Bd6 22. Raf1 Bxe5 23. dxe5 Rxg3+ 24. Kh2 Rg4 25. Rh7 Rxh4+
26. Kg3 Rg4+ 27. Kh3 Rdg8 28. Rff7 Ba8 29. Rxa7 Kb8 30. Rae7 Rg3+ 31. Kh2
Rg2+ 32. Kh3 Rxb2 33. Rxe6 Rc2 34. Nxb5 cxb5 35. Rb6+ Kc8 36. e6 Bxe4 37. Rf7
Rc3+ 38. Kh4 Rg4+
{White resigns} 0-1

[Event "Team 45 45 League T24"]
[Site "Free Internet Chess Server"]
[Date "PDT.10.0"]
[Round "5"]
[White "twinders"]
[Black "Chessface"]
[Result "1/2-1/2"]
[WhiteElo "1636"]
[BlackElo "1677"]
[TimeControl "2700+45"]

1. d4 Nf6 2. Bf4 g6 3. Nf3 Bg7 4. Nbd2 d5 5. c4 O-O 6. e3 Nbd7 7. Be2 c5 8. Nb3 Ne4 9. cxd5 Ndf6 10. dxc5 Nxd5 11. Be5 Nxc5 12. Nxc5 Qa5+ 13. Kf1 Qxc5 14. Bxg7 Kxg7 15. Qd4+ Qxd4 16. Nxd4 a6 17. Bf3 Nb4 18. Ke2 e5 19. Nb3 Nxa2 20. Rxa2 Be6 21. Ra3 Rac8 22. Rc1 b5 23. Rxc8 Rxc8 24. Nd2 Rc2 25. Rxa6 Rxb2 26. Rb6 Bc4+ 27. Ke1 Bd3 28. Be2 Bxe2 29. Kxe2 b4 30. Kd3 f5 31. e4 fxe4+ 32. Nxe4 Rb1 33. Re6 b3 34. Rxe5 b2 35. Kc2 Rg1 36. Kxb2 Rxg2 37. Kc3 Rxh2 38. Kd3 Rh3+ 39. Ke2 Rh4 40. Kf3 h5 41. Rg5 Kh6 42. Rg3 Rh1 43. Kg2 Re1 44. Re3 Rc1 45. Kg3 g5 46. Nxg5 Kxg5 47. Re5+ Kg6 48. Re6+ Kf5 49. Rh6 Kg5 50. Rh8 Rc3+ 51. f3 h4+ 52. Rxh4 Rxf3+ 53. Kxf3 Kxh4   {Neither player has mating material} 1/2-1/2

[Event "Team 45 45 League T24"]
[Site "Free Internet Chess Server"]
[Date "PDT.10.0"]
[Round "5"]
[White "Woodchuck"]
[Black "rgadoury"]
[Result "1-0"]
[WhiteElo "1620"]
[BlackElo "1457"]
[TimeControl "2700+45"]

1. d4 d5 2. c4 Nf6 3. Nf3 dxc4 4. Nc3 Nc6 5. e4 e6 6. Bxc4 Bb4 7. Bg5 h6 8. Bxf6 gxf6 9. a3 Ba5 10. O-O Bxc3 11. bxc3 b6 12. d5 Na5 13. Ba2 Ba6 14. Re1 e5 15. Qc2 Qe7 16. Nh4 Qxa3 17. Bc4 Nxc4 18. Rxa3 Nxa3 19. Qa4+   {Black resigns} 1-0

[Event "Team 45 45 League T24"]
[Site "Free Internet Chess Server"]
[Date "PDT.10.0"]
[Round "5"]
[White "suequntf"]
[Black "ahorse"]
[Result "0-1"]
[WhiteElo "1452"]
[BlackElo "1518"]
[TimeControl "2700+45"]

1. e4 c5 2. Nf3 d6 3. Be2 Nf6 4. d3 Nc6 5. Be3 e5 6. c3 Be7 7. Nbd2 Be6 8. O-O Ng4 9. Nc4 O-O 10. Bd2 f5 11. exf5 Bxf5 12. h3 Nf6 13. Ne3 Bd7 14. a3 Qe8 15. Nh2 Qg6 16. Neg4 Nd5 17. c4 Nf4 18. Bxf4 Rxf4 19. f3 h5 20. Qb3 hxg4 21. fxg4 Nd4 22. Qd1 Raf8 23. Rxf4 Rxf4 24. Nf3 Bc6 25. Nxd4 Rxd4 26. Qf1 Bh4 27. Rd1 Qg5 28. Bf3 Qe3+ 29. Kh1 Rf4 30. Kh2 Bxf3 31. gxf3 Rxf3 32. Qg1 Rf2+ 33. Kh1 Qf3+ 34. Qg2 Qxg2#   {White checkmated} 0-1

[Event "Team 45 45 League T24"]
[Site "Free Internet Chess Server"]
[Date "PDT.10.0"]
[Round "5"]
[White "Lamtarra"]
[Black "Triplea"]
[Result "1-0"]
[WhiteElo "1420"]
[BlackElo "1266"]
[TimeControl "2700+45"]

1. e4 e5 2. d3 Nf6 3. Nf3 Nc6 4. Nc3 Bb4 5. Bd2 d6 6. a3 Bc5 7. Be2 Nd4 8. O-O Bg4 9. Nxd4 exd4 10. Nd5 Bxe2 11. Qxe2 Nxd5 12. exd5+ Kd7 13. Qg4+ Ke7 14. Rfe1+ Kf8 15. Re2 c6 16. Qf3 Qc7 17. Rae1 f6 18. c3 Kf7 19. Re7+ Qxe7 20. Rxe7+ Kxe7 21. Qe4+ Kf7 22. Qe6+ Kg6 23. dxc6 bxc6 24. b4 Rhe8 25. Qg4+ Kf7 26. bxc5 dxc3 27. Bxc3 Rab8 28. h3 dxc5 29. Qd7+ Kg8 30. Qxc6 Rbc8 31. Qd5+ Kh8 32. Qb7 Ra8 33. g4 Reb8 34. Qf7 a5 35. g5 Rf8 36. Qe7 h6 37. gxf6 gxf6 38. Bxf6+ Kg8 39. Qg7#   {Black checkmated} 1-0

[Event "Team 45 45 League T24"]
[Site "Free Internet Chess Server"]
[Date "2004.10.10"]
[Round "5"]
[White "ButiOxa"]
[Black "TibetianTick"]
[Result "1-0"]
[WhiteElo "1798"]
[BlackElo "1532"]
[TimeControl "2700+45"]

1. e4 d5 2. exd5 Nf6 3. d4 Qxd5 4. Nc3 Qd8 5. Nf3 Bg4 6. Be2 e6 7. Be3 Nbd7 8. Ne5 Bxe2 9. Qxe2 Bd6 10. Bg5 O-O 11. Nxd7 Qxd7 12. Bxf6 gxf6 13. Ne4 Be7 14. O-O-O f5 15. Ng3 Bf6 16. Nh5 Qe7 17. g4 Bg5+ 18. f4 Bh6 19. gxf5 Qh4 20. fxe6 Bxf4+ 21. Nxf4 Qxf4+ 22. Kb1 fxe6 23. Qxe6+ Qf7 24. Rhg1+ Kh8 25. Qe5+ Qf6 26. Qxc7 Rf7 27. Qg3 Rg7 28. Qxg7+ Qxg7 29. Rxg7 Kxg7 30. c4 Kf6 31. Kc2 b6 32. Kc3 Ke6 33. Rd3 Rf8 34. a3 Kd6 35. b4 Rf7 36. Rh3 Re7 37. a4 Rf7 38. Rh6+ Kc7 39. c5 bxc5 40. bxc5 Rd7 41. Kc4 Rf7 42. d5 Rf4+ 43. Kb5 Rf7 44. d6+   {Black resigns} 1-0